Get step-by-step instructions on how to execute this build order below. Start the game timer, and the build order will tick by so you can play in parallel with StarCraft on a second screen or mobile device.

Game Time

  0:00

Last Step

  N/A

Next Step

Upcoming Step



Don't want to look back and forth between 2 screens? Try out our Overwolf App, the Spawning Tool Build Advisor to get an in-game overlay with this build!

Complete Build Order

  12  0:00  Drone  
  13  0:13  Overlord  
  13  0:16  Drone  
  14  0:34  Drone  
  15  0:46  Hatchery  
  14  0:54  Drone  
  15  1:05  Spawning Pool  
  15  1:08  Drone  
  15  1:13  Drone  
  15  1:15  Drone  
  17  1:22  Drone  
  18  1:27  Extractor  
  17  1:37  Drone  
  18  1:44  Drone  
  19  1:52  Queen  
  21  1:58  Zergling x2  
  21  1:59  Queen  
  21  2:00  Drone  
  25  2:04  Drone  
  26  2:13  Drone x2  
  28  2:24  Hatchery  
  27  2:31  Drone  
  27  2:35  Overlord  
  28  2:53  Roach Warren, Drone  
  28  2:54  Drone x4  
  32  3:00  Drone  
  33  3:06  Drone x3  
  36  3:13  Overlord  
  36  3:15  Overlord  
  36  3:19  Overlord  
  35  3:24  Overlord  
  35  3:36  Roach x3  
  35  3:38  Roach  
  43  3:44  Roach  
  43  3:45  Roach  
  47  3:49  Roach  
  47  3:50  Roach  
  47  3:53  Roach  
  55  3:55  Roach  
  55  4:01  Drone x2  
  55  4:02  Drone  
  58  4:05  Drone  
  58  4:06  Drone  
  58  4:09  Drone x2  
  62  4:13  Queen  
  62  4:15  Drone  
  65  4:19  Drone x2  
  65  4:22  Drone x2  
  69  4:27  Ravager  
  69  4:28  Ravager  
  69  4:29  Drone x3  
  74  4:32  Overlord  
  74  4:39  Spore Crawler  
  74  4:41  Spore Crawler  
  74  4:42  Drone x2  
  66  5:04  Drone  
  66  5:05  Drone  
  64  5:09  Drone  
  64  5:10  Drone x5  
  66  5:19  Metabolic Boost  
  61  5:21  Drone  
  61  5:24  Queen  
  61  5:25  Spore Crawler, Queen  
  64  5:29  Drone x3  
  64  5:30  Drone x3, Extractor  
  64  5:31  Extractor  
  68  5:36  Extractor  
  68  5:37  Lair  
  68  5:38  Overlord  
  68  5:40  Zergling x4  
  69  5:46  Drone  
  69  5:49  Drone  
  72  5:50  Drone  
  72  5:52  Overlord x2, Extractor x2  
  72  5:54  Spine Crawler  
  69  5:57  Spine Crawler  
  69  5:58  Drone x8  
  69  6:00  Queen  
  69  6:01  Queen  
  80  6:09  Baneling Nest  
  79  6:12  Zergling x4  
  79  6:15  Zergling x6  
  84  6:19  Zergling x2  
  84  6:23  Zergling x6  
  84  6:24  Zergling x2  
  89  6:26  Hatchery, Drone x2  
  89  6:30  Evolution Chamber, Drone x3  
  89  6:31  Evolution Chamber  
  91  6:34  Drone x3  
  91  6:39  Zergling x2  
  96  6:40  Zergling x2  
  96  6:43  Zergling x2  
  96  6:46  Spire  
  96  6:49  Zergling x8  
  96  6:52  Zergling x2  
  101  6:56  Zergling x2, Overlord  
  101  6:58  Zergling x4  
  104  7:03  Zergling x4  
  104  7:07  Overlord  
  105  7:08  Zerg Melee Weapons Level 1  
  105  7:09  Zerg Ground Armor Level 1, Centrifical Hooks  
  105  7:11  Overlord x2  
  105  7:17  Drone  
  105  7:21  Overseer  
  106  7:27  Drone x2  
  104  7:30  Drone x3  
  104  7:35  Drone x3  
  107  7:39  Drone x2  
  108  7:46  Drone  
  108  7:47  Drone x2  
  108  7:49  Drone x2  
  110  7:55  Zergling x8  
  110  7:56  Zergling x6  
  110  7:58  Zerg Flyer Weapons Level 1, Mutalisk x4  
  117  7:59  Mutalisk  
  117  8:01  Mutalisk x2  
  117  8:04  Hatchery  
  130  8:08  Mutalisk  
  130  8:10  Mutalisk, Spore Crawler  
  130  8:12  Zergling x2, Mutalisk  
  136  8:15  Overlord x3  
  136  8:22  Infestation Pit  
  136  8:23  Overlord  
  135  8:28  Overlord  
  135  8:34  Overlord  
  135  8:35  Overlord, Mutalisk x3  
  135  8:36  Zergling x4  
  135  8:38  Mutalisk x2  
  135  8:39  Zergling x2  
  147  8:43  Baneling x4  
  147  8:44  Zergling x2  
  147  8:45  Zergling x6  
  151  8:49  Baneling x2  
  151  8:50  Baneling x3  
  149  8:56  Zergling x6  
  149  8:59  Zergling x6  
  155  9:03  Zerg Melee Weapons Level 2  
  155  9:06  Zergling x4  
  155  9:07  Zergling x2  
  155  9:09  Baneling  
  158  9:10  Baneling x5  
  158  9:12  Zergling x4  
  158  9:16  Spore Crawler  
  159  9:17  Hatchery  
  158  9:28  Zergling x2  
  158  9:29  Zergling x18  
  152  9:44  Mutalisk x2  
  136  9:46  Zergling x6  
  136  9:47  Zergling x10  
  136  9:48  Zergling x4  
  136  9:49  Baneling  
  136  9:50  Baneling x4  
  136  9:51  Zergling x2  
  144  9:57  Zergling x4  
  144  9:58  Hive  
  146  10:02  Zergling x2  
  146  10:03  Zergling x2  
  148  10:07  Baneling  
  148  10:08  Zergling x4, Baneling x12  
  145  10:16  Zergling x4  
  145  10:18  Baneling x2  
  145  10:19  Baneling x10  
  145  10:20  Zergling x6  
  150  10:27  Zergling x2  
  150  10:28  Zergling x12  
  157  10:31  Zerg Ground Armor Level 2  
  157  10:33  Zergling x2  
  158  10:38  Zergling x6  
  161  10:43  Zergling x8  
  161  10:47  Zergling x6  
  168  10:51  Drone  
  168  10:54  Zergling x4  
  168  10:55  Baneling  
  168  10:56  Baneling x6  
  171  10:58  Zergling x4  
  168  11:09  Mutalisk x4  
  154  11:11  Zergling x2  
  154  11:12  Zergling x8  
  154  11:13  Zergling x2  
  160  11:26  Zerg Melee Weapons Level 3  
  160  11:30  Drone x5  
  160  11:31  Drone  
  166  11:42  Hatchery  
  166  11:43  Drone x4  
  166  11:44  Drone  
  170  11:48  Zergling x4  
  172  11:55  Ultralisk Cavern  
  172  11:58  Zergling x2  
  172  11:59  Zergling x4  
  174  12:02  Baneling  
  174  12:03  Baneling x15  
  174  12:10  Extractor  
  174  12:11  Overlord, Extractor  
  174  12:13  Drone x2  
  174  12:15  Overlord  
  174  12:18  Baneling  
  174  12:19  Baneling x14  
  164  12:36  Mutalisk x3  
  132  12:55  Ultralisk  
  132  12:56  Zergling x6  
  140  13:03  Zergling x6  
  140  13:04  Zergling x2  
  144  13:12  Drone x4  
  148  13:14  Zergling x12  
  148  13:15  Zergling x4, Extractor  
  148  13:17  Drone x3  
  158  13:25  Chitinous Plating  
  158  13:26  Zerg Ground Armor Level 3  
  158  13:37  Baneling x6  
  158  13:40  Ultralisk  
  164  13:44  Ultralisk  
  164  13:47  Queen, Drone  
  164  13:48  Drone  
  174  13:52  Zergling x6  
  177  13:58  Overlord  
  177  14:01  Ultralisk  
  177  14:02  Overlord  
  180  14:13  Zergling x2, Ultralisk x2  
  178  14:24  Ultralisk  
  178  14:25  Drone x2  
  178  14:26  Drone x3  
  185  14:31  Overseer  
  185  14:41  Ultralisk  
  185  14:43  Anabolic Synthesis  
  191  14:48  Drone x2  
  193  14:53  Extractor  
  193  14:54  Extractor  
  193  14:58  Greater Spire  
  193  14:59  Adrenal Glands  
  191  15:01  Zergling x12  
  191  15:06  Drone x2  
  191  15:21  Ultralisk  
  185  15:24  Zergling x6  
  151  15:47  Pneumatized Carapace  
  145  15:54  Drone x12  
  145  15:55  Drone x2  
  157  15:57  Infestor  
  157  15:58  Infestor x5  
  169  16:06  Drone x3  
  169  16:07  Drone x2  
  169  16:08  Drone  
  175  16:25  Zergling x2  
  176  16:26  Zergling x22  
  176  16:32  Zerg Flyer Armor Level 1  
  181  16:33  Pathogen Glands  
  181  16:42  Spore Crawler  
  181  16:43  Zergling x4, Spore Crawler  
  181  16:44  Zergling x2, Spine Crawler  
  176  16:50  Zergling x4  
  154  16:55  Ultralisk x2, Corruptor  
  154  16:56  Zergling x8  
  154  16:57  Zergling x2  
  167  17:06  Ultralisk  
  167  17:08  Corruptor  
  150  17:09  Zergling x2  
  150  17:14  Overseer x2  
  153  17:21  Hatchery  
  150  17:29  Corruptor x3  
  150  17:30  Corruptor  
  157  17:46  Corruptor x5  
  167  17:52  Drone x2  
  167  17:57  Drone  
  167  17:58  Drone x2  
  171  17:59  Extractor  
  171  18:02  Extractor, Corruptor x3  
  175  18:07  Drone  
  175  18:08  Spore Crawler  
  175  18:11  Drone  
  176  18:15  Zerg Missile Weapons Level 1  
  176  18:16  Hydralisk Den  
  175  18:21  Ultralisk  
  175  18:26  Baneling x2  
  181  18:27  Burrow  
  178  18:45  Drone x2  
  178  18:46  Drone  
  178  18:47  Spore Crawler  
  178  18:48  Spine Crawler  
  178  18:52  Queen  
  176  19:36  Drone x4  
  176  19:38  Queen  
  173  19:46  Drone x5  
  173  19:47  Hatchery  
  173  19:48  Drone  
  173  19:49  Drone x2  
  173  19:50  Drone x3  
  183  20:17  Hatchery  
  182  20:28  Zergling x2, Ultralisk x3  
  165  20:29  Zergling x36  
  165  20:32  Zergling x16  
  185  20:46  Drone x3  
  188  20:54  Spore Crawler  
  187  20:58  Overseer x3  
  187  21:03  Baneling x6  
  187  21:06  Grooved Spines, Zerg Flyer Armor Level 2  
  187  21:17  Baneling x5  
  183  21:23  Extractor  
  180  21:26  Extractor  
  180  21:29  Infestor x3  
  180  21:30  Drone x3  
  180  21:31  Hydralisk, Drone  
  180  21:32  Hydralisk x4  
  198  21:35  Zergling x4  
  198  21:37  Infestor x4  
  200  22:01  Spore Crawler  
  200  22:02  Spore Crawler, Drone  
  200  22:04  Drone  
  200  22:11  Zerg Missile Weapons Level 2, Neural Parasite  
  200  22:17  Muscular Augments  
  200  22:21  Zergling x10  
  189  22:31  Baneling  
  189  22:32  Baneling x17  
  189  22:38  Brood Lord x4  
  189  22:39  Brood Lord  
  165  23:06  Zergling x8, Ultralisk x3  
  185  23:15  Zergling x2, Infestor x2  
  185  23:17  Overlord x2  
  185  23:18  Overlord x2  
  190  23:21  Zerg Flyer Weapons Level 2  
  190  23:26  Zergling x6  
  189  23:31  Drone x2  
  189  23:32  Drone  
  191  23:34  Corruptor x2  
  191  23:35  Zergling x4  
  175  24:04  Ultralisk x4  
  175  24:08  Zergling x2  
  175  24:09  Zergling x20  
  198  24:14  Brood Lord  
  198  24:32  Ultralisk  
  198  24:33  Zergling x4  
  196  24:38  Zergling x2  
  196  24:39  Zergling x6  
  200  24:46  Overlord x2, Overseer x3  
  199  25:02  Zergling x2  
  194  25:11  Ultralisk x2  
  190  25:29  Spine Crawler  
  190  25:30  Zergling x2  
  190  25:31  Zergling x8  
  190  25:32  Baneling  
  190  25:33  Baneling x2  
  190  25:34  Zergling x4  
  196  25:36  Zergling x4  
  196  25:37  Zergling x2, Hatchery, Extractor  
  196  25:39  Spore Crawler  
  196  25:40  Zergling x8, Extractor  
  185  26:01  Zergling x4  
  185  26:02  Zergling x2  
  187  26:09  Hatchery  
  186  26:13  Ultralisk x2  
  186  26:17  Baneling x7  
  195  26:33  Zergling x8  
  195  26:34  Zergling x2  
  148  27:00  Ultralisk  
  148  27:01  Zergling x8, Ultralisk  
  161  27:04  Infestor  
  161  27:05  Zergling x6, Infestor  
  161  27:06  Zergling x8  
  170  27:10  Drone x2  
  170  27:11  Drone  
  173  27:17  Infestor  
  173  27:18  Infestor x4  
  173  27:19  Queen  
  173  27:22  Queen  
  187  27:24  Drone  
  187  27:25  Drone x4  
  192  27:39  Drone  
  192  27:43  Zergling x4  
  192  27:44  Zergling x2  
  196  27:47  Zergling x6  
  165  28:16  Zergling x2  
  165  28:17  Zergling x2  
  165  28:19  Zergling x2  
  126  28:20  Zergling x4  
  126  28:21  Hatchery  
  126  28:24  Zergling x4  
  126  28:25  Hatchery  
  126  28:26  Ultralisk x3  
  136  28:28  Hydralisk  
  136  28:29  Hydralisk x12  
  162  28:38  Zergling x4, Ultralisk  
  162  28:39  Zergling x2  
  171  28:45  Corruptor x2  
  171  28:46  Drone x3  
  171  28:48  Drone  
  179  28:49  Drone  
  179  28:50  Drone  
  179  28:54  Drone  
  179  28:55  Drone  
  183  29:06  Baneling x2  
  183  29:07  Overseer, Baneling  
  183  29:08  Overlord x2  
  183  29:09  Overlord  
  183  29:19  Overlord  
  179  29:35  Overlord, Hydralisk x2, Corruptor x2  
  179  29:36  Zergling x4  
  179  29:37  Zergling x2  
  196  29:49  Drone x2